 Dungeon Crawl Stone Soup version 0.24.0-37-gcf1ca852f1 (webtiles) character file.

Game seed: 17508183230404670996, levelgen mode: deterministic

411 Descartes the Ducker (level 6, 0/29 HPs)
             Began as a Felid Monk on Dec 7, 2019.
             Slain by a worker ant (7 damage)
             ... on level 4 of the Dungeon.
             The game lasted 00:07:09 (4742 turns).

Descartes the Ducker (Felid Monk)                   Turns: 4742, Time: 00:07:10

Health: 0/29       AC:  2    Str:  9    XL:     6   Next: 58%
Magic:  7/7        EV: 22    Int: 11    God:
Gold:   153        SH:  0    Dex: 19    Spells: 5/5 levels left
                                        Lives:  0   Deaths: 1

rFire    + . .     SeeInvis +     - Unarmed
rCold    . . .     Gourm    .   (shield unavailable)
rNeg     . . .     Faith    .   (armour unavailable)
rPois    .         Spirit   .   (helmet unavailable)
rElec    .         Reflect  .   (cloak unavailable)
rCorr    .         Harm     .   (gloves unavailable)
MR       .....                  (boots unavailable)
Stlth    ++++......             (no amulet)
HPRegen  0.09/turn              f - ring of protection from fire
MPRegen  0.10/turn              (no ring)

@: berserk cooldown, slowed, slow
A: very small, no armour, no weapons or thrown items, stealth, claws 1, fangs 3,
see invisible, carnivore, speed 1, shaggy fur 2, slow metabolism 1, sharp paws
a: no special abilities


You were on level 4 of the Dungeon.
You were very full.

You visited 1 branch of the dungeon, and saw 4 of its levels.

You collected 153 gold pieces.

Inventory:

Missiles
 b - 60 stones
 q - 13 arrows
Jewellery
 f - a ring of protection from fire (left paw)
Scrolls
 i - 3 scrolls of amnesia
 j - a scroll of enchant weapon
 l - 2 scrolls of remove curse
Potions
 e - a potion of berserk rage
 k - a potion of haste {unknown}
 m - 2 potions of flight {unknown}
 o - a potion of curing {unknown}
Comestibles
 a - 6 rations


   Skills:
 + Level 4.3 Fighting
 + Level 5.8 Dodging
 + Level 5.3 Stealth
 * Level 5.5 Unarmed Combat


You had 5 spell levels left.
You didn't know any spells.
Your spell library was empty.

Dungeon Overview and Level Annotations

Branches:
Dungeon (4/15)
 Temple: D:4-7

Altars:
Gozag
Ru
Trog
Yredelemnul


Innate Abilities, Weirdness & Mutations

You cannot wear armour.
You are incapable of wielding weapons or throwing items.
Your paws allow you to move quietly. (Stealth)
You have sharp claws.
You have razor-sharp teeth.
You have supernaturally acute eyesight. (SInv)
You are carnivorous and can eat meat at any time.
You cover ground quickly.
You are covered in thick fur. (AC +2)
You have a slow metabolism.
Your sharp claws are effective at attacking unaware monsters.


Message History

The worker ant twitches its antennae in your direction.
You can move again.
Things that are here:
a +0 club; an orc corpse You see here a +0 giant spiked club.
You see here a worker ant corpse.
Things that are here:
a +0 club; a +0 ring mail You barely miss the leopard gecko.
The leopard gecko completely misses you.
The leopard gecko misses you.
You closely miss the leopard gecko. The leopard gecko misses you.
You claw the leopard gecko!
You kill the leopard gecko!
The worker ant bites you!
* * * LOW HITPOINT WARNING * * *
You scratch the worker ant.
The worker ant is moderately wounded.
The worker ant bites you!
You die...

,* *,,,**************,..* ,*
*,,,,,,,,,,,,...,....# ,*
*,,,,,,,,*****..*.#..# ,*
*,,,,,,,,,,,,,.a.....# ,*
*,,,,,,,*,#####.#....# ,*
*,,,,,,,*,#.....l....# ,*
*,,,,,*,*,#.####.....# ,*
*,,,,,*,*,#)####.....# ,*
*,,,,,*,*,#.@a†))....# ,*
*,,,,,*,*,#######....# ,*
*,,,,,*,*,,,,,,,,....# ,*
*,,,,,,,,,******,#.>.# ,*
*,*,,,,,,,,,,,,,,,...#***** ,*
*,*,,,,,,,,,,,**,*#.##,,,,*
*****,**,**,,,,,,,**,*,..,,,,,*
,,,,,,**,**,,,,,,,**,*<#.#,,,,*
********,**,,,,,,,**,***,*,,,,*


You could see a worker ant.

Vanquished Creatures
  A human (D:3)
  An ogre (D:4)
  A bullfrog zombie (D:3)
  2 orc priests (D:4)
  A worker ant (D:4)
  6 gnolls
  3 adders (D:2)
  A worm (D:2)
  4 dart slugs
  2 leopard geckos
  3 orcs
  A ball python (D:1)
  4 giant cockroaches
  6 goblins
  4 hobgoblins (D:1)
  4 jackals (D:1)
  10 bats
  6 frilled lizards
  A jackal skeleton (D:3)
  6 kobolds
  2 rats (D:2)
69 creatures vanquished.

Notes
Turn   | Place    | Note
-------+----------+-------------------------------------------
     0 | D:1      | Descartes the Felid Monk began the quest for the Orb.
     0 | D:1      | Reached XP level 1. HP: 10/10 MP: 2/2
   200 | D:1      | Reached XP level 2. HP: 13/14 MP: 3/3
   487 | D:1      | Reached XP level 3. HP: 4/17 MP: 4/4
   877 | D:2      | Found a sacrificial altar of Ru.
  1562 | D:2      | Found a bloodstained altar of Trog.
  1950 | D:3      | Found a runed translucent door.
  1951 | D:3      | Noticed a human
  1952 | D:3      | Found a basalt altar of Yredelemnul.
  2571 | D:3      | Found an opulent altar of Gozag.
  2576 | D:3      | Reached XP level 4. HP: 21/21 MP: 5/5
  3608 | D:3      | Reached XP level 5. HP: 4/25 MP: 6/6
  3972 | D:3      | Reached skill level 5 in Dodging
  3980 | D:3      | Slain by a gnoll
  3981 | D:3      | Reached XP level 4. HP: -4/22 MP: 5/5
  4344 | D:3      | Killed a human
  4344 | D:3      | Reached skill level 5 in Unarmed Combat
  4344 | D:3      | Reached XP level 5. HP: 3/25 MP: 6/6
  4714 | D:4      | Noticed an ogre
  4720 | D:4      | Killed an ogre
  4720 | D:4      | Reached skill level 5 in Stealth
  4720 | D:4      | Gained mutation: You are covered in thick fur. (AC +2)
                  | [Felid growth]
  4720 | D:4      | Reached XP level 6. HP: 18/28 MP: 7/7
  4742 | D:4      | Slain by a worker ant

Levels and vault maps discovered:
D:1:      nagdon_arrival_double_spiral, layout_rooms
D:2:      layout_basic, lightli_temple_of_fire, overflow_temple_1_default,
          serial_glass, glass_columns_a, glass_columns_a
D:3:      layout_loops_cross, nicolae_gozag_cash_rules_everything_around_me,
          first_ration, dk_yredelemnul_ordeal
D:4:      layout_basic, nemelex_xobeh_ov_fountains_minmay, kennysheep_mini_moat,
          portal_sewer_entry_f, uniq_sigmund, uniq_duvessa

Skill      XL: |  1  2  3  4  5 |
---------------+----------------+-----
Stealth        | 3 4 5 |  5.3
Unarmed Combat | 5 |  5.5
Dodging        | 5 |  5.8
Fighting       | 4 |  4.3

Action                   |  1- 3 |  4- 6 || total
-------------------------+-------+-------++-------
Melee: Unarmed           |   134 |   114 ||   248
       Bite              |    10 |    11 ||    21
       Punch             |     3 |     2 ||     5
  Use: Scroll            |       |     9 ||     9
       Potion            |       |     2 ||     2
 Stab: Sleeping          |     7 |     7 ||    14
       Distracted        |       |     1 ||     1
  Eat: Chunk             |     9 |     9 ||    18
Armor: Skin              |     4 |       ||     4
Dodge: Dodged            |   105 |    72 ||   177
